 Dungeon Crawl Stone Soup version 0.28-a0-957-g42eb19b844 (webtiles) character file.

Game seed: 9547428406402913124

169131 vineage the Warrior (level 17, -4/125 HPs)
             Began as a Gargoyle Fighter on Nov 30, 2021.
             Was the Champion of Okawaru.
             Hit by a silver javelin thrown by a merfolk javelineer (21 damage)
             ... on level 4 of the Shoals.
             The game lasted 00:46:31 (23402 turns).

vineage the Warrior (Gargoyle Fighter)             Turns: 23402, Time: 00:46:32

Health: -4/125     AC: 40    Str: 31    XL:     17   Next: 96%
Magic:  22/25      EV: 13    Int: 22    God:    Okawaru [******]
Gold:   587        SH: 12    Dex: 30    Spells: 16/16 levels left

rFire   + + .      SeeInvis .   e - +7 demon whip of Vudainn {freeze, Fly Int+4}
rCold   + . .      Faith    .   t - +3 warlock's mirror {reflect}
rNeg    + . .      Spirit   .   L - +8 chain mail of Jesusoech {rC+ Will+ Dex+4 Slay+2}
rPois   ∞          Reflect  +   (no helmet)
rElec   +          Harm     .   c - +0 cloak {rCorr}
rCorr   +          Rampage  .   Q - +0 pair of fencer's gloves {Riposte Dex+3}
Will    ++...                   r - +2 pair of boots
Stlth   ..........              l - amulet of regeneration
HPRegen 1.10/turn               o - ring of Ettuo {Drain rPois rF++ Str+6 Int+8}
MPRegen 0.19/turn               F - ring of Betriac {Str+4 Dex+6}

@: finesse-ful, flying, studying Ice Magic
A: sickness immunity, AC +12, big wings, negative energy resistance 1,
electricity resistance, torment resistance 1, petrification resistance, fangs 1,
talons 1, agile 1
a: Renounce Religion, Heroism, Finesse, Duel


You were on level 4 of the Shoals.
You worshipped Okawaru.
Okawaru was exalted by your worship.
You visited 5 branches of the dungeon, and saw 28 of its levels.
You also visited: Ossuary, Bailey, Ice Cave and Volcano.

You collected 4978 gold pieces.
You spent 4391 gold pieces at shops.

Inventory:

Hand Weapons
 e - the +7 demon whip of Vudainn (weapon) {freeze, Fly Int+4}
   (You acquired it on level 2 of the Dungeon)

   It freezes those it strikes, dealing additional cold damage.
   It can also slow down cold-blooded creatures.
   Int:       It affects your intelligence (+4).
   Fly:       It grants you flight.
 w - a +0 morningstar of holy wrath
 I - the +4 great mace of Evil {vorpal, rF+ rC+}
   (Okawaru gifted it to you on level 3 of the Lair of Beasts)

   It inflicts extra damage upon your enemies.
   rF:        It protects you from fire.
   rC:        It protects you from cold.
Missiles
 S - 3 throwing nets (quivered)
Armour
 c - a +0 cloak of preservation (worn)
 n - a +1 kite shield of cold resistance
 r - a +2 pair of boots (worn)
 t - the +3 warlock's mirror (worn) {reflect}
   (Okawaru gifted it to you on level 1 of the Shoals)

   It can block and reflect piercing ranged attacks and magical attacks against
   the wielder's willpower.
 L - the +8 chain mail of Jesusoech (worn) {rC+ Will+ Dex+4 Slay+2}
   (Okawaru gifted it to you on level 5 of the Lair of Beasts)

   Dex:       It affects your dexterity (+4).
   Slay:      It affects your accuracy & damage with ranged weapons and melee
   (+2).
   rC:        It protects you from cold.
   Will:      It increases your willpower.
 P - a +2 cloak of fire resistance
 Q - the +0 pair of fencer's gloves (worn) {Riposte Dex+3}
   (You bought it in a shop on level 2 of the Orcish Mines)

   It allows the wearer to riposte with melee weapons, swiftly retaliating
   against missed attacks.
   Dex:       It affects your dexterity (+3).
 T - the +1 kite shield of Zeunguss {Drain rElec rF++ Slay+5}
   (You bought it in a shop on level 3 of the Shoals)

   Slay:      It affects your accuracy & damage with ranged weapons and melee
   (+5).
   rF:        It greatly protects you from fire.
   rElec:     It insulates you from electricity.
   Drain:     It drains your maximum health when unequipped.
 U - the +15 Maxwell's patent armour {-Cast -Tele rElec Will+ rCorr}
   (You found it on level 4 of the Shoals)

   rElec:     It insulates you from electricity.
   -Cast:     It prevents spellcasting.
   -Tele:     It prevents most forms of teleportation.
   rCorr:     It protects you from acid and corrosion.
   Will:      It increases your willpower.
Jewellery
 a - a ring of magical power
 b - a +6 ring of dexterity
 k - a +4 ring of evasion
 l - an amulet of regeneration (around neck)
 o - the ring of Ettuo (left hand) {Drain rPois rF++ Str+6 Int+8}
   (You acquired it on level 5 of the Dungeon)

   [ring of strength]

   Str:       It affects your strength (+6).
   Int:       It affects your intelligence (+8).
   rF:        It greatly protects you from fire.
   rPois:     It protects you from poison.
   Drain:     It drains your maximum health when unequipped.
 F - the ring of Betriac (right hand) {Str+4 Dex+6}
   (You bought it in a shop on level 2 of the Shoals)

   [ring of dexterity]

   Str:       It affects your strength (+4).
   Dex:       It affects your dexterity (+6).
Wands
 m - a wand of flame (43)
 u - a wand of digging (7)
 y - a wand of acid (21)
 z - a wand of polymorph (28)
 D - a wand of iceblast (29)
 K - a wand of mindburst (24)
Scrolls
 d - 8 scrolls of fog
 f - 13 scrolls of teleportation
 h - 4 scrolls of immolation
 q - 3 scrolls of enchant weapon
 s - 3 scrolls of blinking
 v - 7 scrolls of amnesia
 B - 3 scrolls of magic mapping
 C - 5 scrolls of enchant armour
 E - 9 scrolls of identify
 H - 2 scrolls of fear
Potions
 g - 5 potions of lignification
 i - 5 potions of magic
 j - 9 potions of curing
 p - 4 potions of might
 x - 6 potions of brilliance
 A - 3 potions of attraction
 J - a potion of degeneration {unknown}
 M - a potion of resistance
 N - 3 potions of cancellation {unknown}
 O - 3 potions of invisibility {unknown}
 R - 2 potions of heal wounds
Miscellaneous
 G - a tin of tremorstones (2/2)


   Skills:
 + Level 20.8 Fighting
 + Level 19.1 Maces & Flails
 + Level 13.0 Armour
 + Level 3.9 Dodging
 + Level 13.0 Shields
 - Level 11.3 Invocations


You had 16 spell levels left.
You didn't know any spells.
Your spell library contained the following spells:

 Spells                   Type           Power      Damage    Failure   Level
 Foxfire                  Conj/Fire      0%         2x1d4     50%         1
 Freeze                   Ice            0%         1d3       50%         1
 Magic Dart               Conj           0%         1d3       50%         1
 Pain                     Necr           0%         1d4       50%         1
 Slow                     Hex            0%         N/A       50%         1
 Blink                    Tloc           0%         N/A       63%         2
 Ensorcelled Hibernation  Hex/Ice        0%         N/A       63%         2
 Passwall                 Tmut/Erth      0%         N/A       63%         2
 Searing Ray              Conj           0%         2d4       63%         2
 Confusing Touch          Hex            0%         N/A       86%         3
 Conjure Flame            Conj/Fire      0%         6-21      86%         3
 Frozen Ramparts          Ice            0%         1d2       86%         3
 Ignite Poison            Fire/Tmut/Pois 0%         N/A       86%         3
 Inner Flame              Hex/Fire       0%         N/A       86%         3
 Lesser Beckoning         Tloc           0%         N/A       86%         3
 Ozocubu's Armour         Ice            0%         N/A       86%         3
 Swiftness                Air            0%         N/A       86%         3
 Vampiric Draining        Necr           0%         2d6       86%         3
 Cause Fear               Hex            0%         N/A       99%         4
 Flame Wave               Conj/Fire      0%         2d4       99%         4
 Fulminant Prism          Conj/Hex       0%         3d6       99%         4
 Hailstorm                Conj/Ice       0%         3d3       99%         4
 Leda's Liquefaction      Hex/Erth       0%         N/A       99%         4
 Petrify                  Tmut/Erth      0%         N/A       99%         4
 Agony                    Necr           0%         N/A       100%        5
 Blade Hands              Tmut           0%         N/A       100%        5
 Borgnjor's Vile Clutch   Necr/Erth      0%         N/A       100%        5
 Fireball                 Conj/Fire      0%         3d3       100%        5
 Irradiate                Conj/Tmut      0%         3d13      100%        5
 Iskenderun's Battlesphe  Conj           0%         2d6       100%        5
 Lee's Rapid Deconstruct  Erth           0%         3d5*      100%        5
 Manifold Assault         Tloc           0%         N/A       100%        5
 Metabolic Englaciation   Hex/Ice        0%         N/A       100%        5
 Iron Shot                Conj/Erth      0%         9d1       100%        6
 Storm Form               Tmut/Air       0%         N/A       100%        7
 Borgnjor's Revivificati  Necr           0%         N/A       100%        8
 Discord                  Hex            0%         N/A       100%        8
 Polar Vortex             Ice            0%         N/A       100%        9
 Sublimation of Blood     Necr           Unusable   N/A       N/A         2
 Animate Dead             Necr           Unusable   N/A       N/A         4
 Summon Lightning Spire   Summ/Air       Unusable   N/A       N/A         4
 Death Channel            Necr           Unusable   N/A       N/A         6
 Statue Form              Tmut/Erth      Unusable   N/A       N/A         6
 Spellforged Servitor     Conj/Summ      Unusable   N/A       N/A         7
 Summon Horrible Things   Summ           Unusable   N/A       N/A         8

Dungeon Overview and Level Annotations

Branches:
Dungeon (15/15)            Temple (1/1) D:5            Lair (6/6) D:9
 Shoals (4/4) Lair:2        Snake (0/4) Lair:2          Orc (2/2) D:12
    Elf (0/3) Orc:2        Vaults (0/5) D:14        Ossuary (visited)
 Bailey (visited)           IceCv (visited)         Volcano (visited)
  Slime: Lair:5-6    Depths: D:15

Altars:
Ashenzari
Cheibriados
Dithmenos
Elyvilon
Fedhas
Gozag
Hepliaklqana
Kikubaaqudgha
Makhleb
Nemelex Xobeh
Okawaru
Qazlal
Ru
Sif Muna
Trog
Uskayaw
Vehumet
Wu Jian
Xom
Yredelemnul
Zin
The Shining One
Beogh

Shops:
D:3 =   D:7 ?   D:10 =   D:13 (   Orc:2 ??:[   Shoals:2 [=   Shoals:3 [??[(

Portals:
Pandemonium: Orc:2
Bazaar: Orc:2 Shoals:2

Annotations:
D:6 exclusion: statue
D:10 3 runed translucent doors, kMk's ghost, journeyman DjFE
D:14 2 transporters, Pobemale's ghost, journeyman TrMo
Shoals:1 1 runed translucent door
Shoals:2 2 transporters, Wourromi's ghost, adept TeCj
Shoals:4 Ilsuiw


Innate Abilities, Weirdness & Mutations

You are immune to sickness and miasma.
Your stone body is resilient. (AC +12)
You are immune to poison.
Your large and strong wings let you fly.
You resist negative energy. (rN+)
You are resistant to electric shocks. (rElec)
You are resistant to unholy torment.
You are immune to petrification.
You have very sharp teeth.
You have sharp toenails.
You are agile. (Dex +2)


Message History

The merfolk impaler hits you but does no damage. x2
Things that are here:
a +4 demon trident of pain; a +0 robe; a merfolk corpse You thrash the merfolk javelineer!!
You freeze the merfolk javelineer!
You bite the merfolk javelineer, but do no damage.
The merfolk javelineer is severely wounded.
The merfolk javelineer throws a silver javelin.
The silver javelin pierces through you!
* * * LOW HITPOINT WARNING * * *
The silver sears you!
* * * LOW HITPOINT WARNING * * *
Okay, then.
You feel better.
The merfolk impaler completely misses you.
The merfolk impaler hits you but does no damage.
The merfolk javelineer throws a silver javelin.
You reflect the silver javelin off your +3 warlock's mirror {reflect}!
The silver javelin barely misses the merfolk javelineer.
You feel better.
You feel like a meek peon again. The merfolk impaler misses you.
The merfolk javelineer throws a silver javelin.
The silver javelin pierces through you.
* * * LOW HITPOINT WARNING * * *
The silver sears you!
* * * LOW HITPOINT WARNING * * *
The merfolk impaler barely misses you.
You whack the merfolk impaler! You freeze the merfolk impaler.
The merfolk impaler is moderately wounded.
You closely miss the merfolk impaler.
The merfolk impaler is moderately wounded.
You whack the merfolk impaler! You freeze the merfolk impaler.
You bite the merfolk impaler, but do no damage.
The merfolk impaler is moderately wounded.
The merfolk impaler hits you but does no damage.
You barely miss the merfolk impaler.
The merfolk impaler is moderately wounded.
The merfolk javelineer throws a silver javelin.
The silver javelin pierces through you!!
You die... .≈≈≈≈≈)≈≈.......≈≈≈≈≈ ≈≈≈≈≈ .≈≈≈≈≈≈≈≈≈≈.....≈#### ≈≈≈≈≈ ≈≈≈≈≈≈≈≈≈≈≈≈≈≈≈.##≈≈ ≈≈≈≈P †≈≈≈≈≈≈≈≈≈≈≈≈≈≈##≈≈... ≈≈≈≈≈ ≈≈≈≈≈≈≈≈≈≈≈≈≈≈≈#≈≈≈≈≈ P≈≈≈≈ ≈≈≈≈≈≈≈≈≈≈≈≈≈≈≈#≈≈#≈# m. ≈?≈≈≈ ..)≈≈≈≈≈≈≈≈≈≈≈≈#≈≈≈≈##≈.
PPP.. ....≈≈≈≈≈≈≈≈≈≈≈#m#≈≈≈≈≈.H PP≈.P

...(†≈≈.≈≈≈...)#@m≈≈≈#≈.≈
.....
..............))#†≈#≈≈≈≈#
................)#≈≈≈≈≈# .
######............###### .
#≈.≈≈.#..............≈≈≈.
≈.≈..#.#...........≈≈≈≈≈.
.≈#≈..#.#......(...≈≈≈≈...
.≈≈≈≈..≈#.....≈≈.≈≈≈≈≈≈...
.≈##≈≈.≈#..≈≈≈≈≈≈≈≈≈≈≈≈.≈.


You could see a merfolk impaler and a merfolk javelineer.

Vanquished Creatures
  6 krakens (Shoals:1)
  Donald (Shoals:4)
  Nessos (Orc:2)
  4 merfolk impalers
  A fire dragon (Lair:6)
  6 merfolk javelineers
  2 boulder beetles
  4 vault guards (D:14)
  5 hydras
  9 merfolk aquamancers
  4 centaur warriors
  An alligator snapping turtle (Shoals:4)
  3 demonspawn (Orc:2)
  4 merfolk avatars
  3 two-headed ogres
  Erica (D:8)
  3 death knights
  4 death yaks (Lair:4)
  5 tengu warriors
  A satyr (Shoals:3)
  5 orc high priests
  Sonja (Orc:2)
  A soul eater (Orc:2)
  7 skeletal warriors
  11 sea snakes
  A deep elf archer (Volcano)
  2 bog bodies (IceCv)
  A lindwurm (Lair:6)
  22 harpies
  2 phantasmal warriors (D:14)
  9 deep elf pyromancers
  7 ugly things
  5 orc knights (Orc:2)
  7 orc sorcerers (Orc:2)
  A moth of wrath (Lair:6)
  12 manticores
  4 cyclopes
  11 fauns
  Maurice (Orc:2)
  12 merfolk sirens
  6 black mambas
  26 elephants
  8 water nymphs
  An ice statue (IceCv)
  Joseph (D:7)
  2 molten gargoyles (Lair:6)
  An orange demon (Orc:2)
  3 gargoyles
  10 cane toads
  4 kobold demonologists (D:12)
  14 komodo dragons
  An unseen horror (D:11)
  A yaktaur (D:15)
  3 rime drakes
  2 freezing wraiths
  4 tengu conjurers
  A demonic crawler (Lair:6)
  An anaconda simulacrum (Lair:1)
  An ice devil (IceCv)
  An entropy weaver simulacrum (IceCv)
  An efreet (D:14)
  8 trolls
  45 merfolk
  A polar bear (Lair:4)
  9 wind drakes
  A wolf spider simulacrum (Lair:1)
  The ghost of Tenar the Digger, an amateur DsEE (D:5)
  A slime creature (D:12)
  A hornet (D:8)
  19 blink frogs
  11 snapping turtles
  A shadow (D:12)
  2 wraiths (D:12)
  9 wyverns
  6 water elementals
  Grum (D:9)
  37 yaks
  3 basilisks
  4 fire elementals (Volcano)
  A basilisk (shapeshifter) (D:13)
  3 vampires
  A steam dragon (Lair:4)
  4 vampire mosquitoes (D:12)
  Menkaure (D:6)
  A death yak simulacrum (IceCv)
  A warg (D:12)
  3 swamp worms (Lair:6)
  3 nagas (Lair:2)
  4 acid dragons
  9 hell hounds
  A hydra simulacrum (Lair:1)
  12 water moccasins
  A black bear (D:5)
  33 orc warriors
  A black mamba simulacrum (Lair:1)
  4 ogres
  A sky beast (D:5)
  12 wolves
  27 centaurs
  A necrophage (D:7)
  A phantom (D:7)
  3 elf zombies (Ossuary)
  A kobold brigand (D:12)
  13 bullfrogs
  A wyvern zombie (D:8)
  A scorpion (D:5)
  3 gnoll sergeants
  4 two-headed ogre simulacra (IceCv)
  5 cane toad simulacra (IceCv)
  A water moccasin skeleton (D:6)
  3 elephant simulacra (IceCv)
  10 killer bees
  6 wights
  8 howler monkeys
  An electric eel (Lair:1)
  5 lava snakes (Lair:6)
  7 centaur zombies
  A wyvern simulacrum (Lair:1)
  3 human zombies
  27 orc priests
  A bullfrog zombie (D:6)
  5 hounds
  A bullfrog skeleton (D:5)
  A centaur skeleton (D:6)
  2 iguanas (D:4)
  Terence (D:3)
  14 orc wizards
  A yak simulacrum (Lair:1)
  6 troll simulacra
  9 spriggan simulacra
  2 killer bee zombies (D:8)
  3 polar bear simulacra (IceCv)
  A hound zombie (Ossuary)
  8 mummies
  2 howler monkey zombies (D:8)
  5 adders
  12 gnolls
  A howler monkey skeleton (D:7)
  5 naga simulacra
  7 white imps
  6 ufetubi
  An adder skeleton (D:4)
  4 adder zombies (Ossuary)
  5 worms
  2 dart slugs
  87 orcs
  5 endoplasms
  7 giant cockroaches
  2 gnoll zombies (Ossuary)
  17 goblins
  9 hobgoblins
  A quokka (D:3)
  6 ball pythons
  4 bats
  3 frilled lizards
  6 goblin zombies
  2 hobgoblin zombies
  3 jackal zombies (Ossuary)
  24 kobolds
  3 kobold zombies (Ossuary)
  2 orc zombies (Ossuary)
  3 quokka zombies (Ossuary)
  4 rats
  4 rat zombies (Ossuary)
  18 tentacles (Shoals:1)
985 creatures vanquished.

Vanquished Creatures (others)
  A merfolk aquamancer (Shoals:4)
  A howler monkey (D:13)
  A goblin (D:13)
  13 fungi
  80 plants
  60 tentacles (Shoals:1)
156 creatures vanquished.

Grand Total: 1141 creatures vanquished

Notes
Turn   | Place    | Note
-------+----------+-------------------------------------------
     0 | D:1      | vineage the Gargoyle Fighter began the quest for the Orb.
     0 | D:1      | Reached XP level 1. HP: 14/14 MP: 1/1
   117 | D:1      | Reached XP level 2. HP: 20/20 MP: 2/2
   121 | D:1      | Found a faded altar of an unknown god.
   263 | D:1      | Reached skill level 4 in Fighting
   670 | D:2      | Found a burning altar of Makhleb.
   741 | D:2      | Reached XP level 3. HP: 11/24 MP: 3/3
  1066 | D:2      | Reached skill level 5 in Fighting
  1117 | D:2      | Reached XP level 4. HP: 30/31 MP: 4/4
  1401 | D:2      | Gained mutation: You have sharp toenails. [potion of
                  | mutation]
  1401 | D:2      | Gained mutation: You have very sharp teeth. [potion of
                  | mutation]
  1401 | D:2      | Gained mutation: You are agile. (Dex +2) [potion of
                  | mutation]
  1404 | D:2      | Identified a scroll of acquirement
  1404 | D:2      | Acquired the +7 demon whip of Vudainn {freeze, Fly Int+4}
  1473 | D:3      | Found Jescha's Jewellery Emporium.
  1501 | D:3      | Noticed Terence
  1508 | D:3      | Killed Terence
  1650 | D:3      | Reached skill level 6 in Fighting
  1650 | D:3      | Reached XP level 5. HP: 30/36 MP: 5/5
  1794 | D:3      | Found an opulent altar of Gozag.
  1794 | D:3      | Found a glowing silver altar of Zin.
  1959 | D:3      | Reached skill level 7 in Fighting
  2232 | D:4      | Reached XP level 6. HP: 28/44 MP: 6/6
  3056 | D:5      | Entered Level 5 of the Dungeon
  3073 | D:5      | Reached skill level 8 in Fighting
  3107 | D:5      | Found a staircase to the Ecumenical Temple.
  3121 | Temple   | Entered the Ecumenical Temple
  3254 | Temple   | Became a worshipper of Warmaster Okawaru
  3316 | D:5      | Reached XP level 7. HP: 50/50 MP: 7/7
  3353 | D:5      | Found a bloodstained altar of Trog.
  3495 | D:5      | Reached skill level 9 in Fighting
  3712 | D:5      | Reached * piety under Okawaru
  3716 | D:5      | Reached skill level 10 in Fighting
  3716 | D:5      | Reached XP level 8. HP: 49/57 MP: 8/8
  3756 | D:5      | Found an ancient bone altar of Kikubaaqudgha.
  3899 | D:5      | Found a runed translucent gate.
  3900 | D:5      | Found a runed translucent gate.
  3901 | D:5      | Found a runed translucent gate.
  3905 | D:5      | Noticed Tenar's ghost (amateur DsEE)
  4213 | D:5      | Acquired the ring of Ettuo {Drain rPois rF++ Str+6 Int+8}
  4228 | D:5      | Killed Tenar's ghost
  4229 | D:5      | Reached skill level 11 in Fighting
  4291 | D:6      | Found a burning altar of Makhleb.
  4293 | D:6      | Noticed a blizzard demon
  4297 | D:6      | Noticed a smoke demon
  4406 | D:6      | Found a sand-covered staircase.
  4411 | Ossuary  | Entered an ossuary
  4469 | Ossuary  | Reached skill level 1 in Invocations
  4532 | Ossuary  | Reached ** piety under Okawaru
  4683 | D:6      | Acquired 1026 gold pieces
  4740 | D:6      | Noticed a troll
  4748 | D:6      | Killed a troll
  4749 | D:6      | Reached XP level 9. HP: 57/64 MP: 7/11
  4796 | D:6      | Noticed Menkaure
  4807 | D:6      | Killed Menkaure
  4807 | D:6      | Reached *** piety under Okawaru
  4920 | D:6      | Found a hazy altar of Hepliaklqana.
  4958 | D:6      | Found a radiant altar of Vehumet.
  5198 | D:7      | Reached skill level 5 in Armour
  5198 | D:7      | Reached skill level 5 in Shields
  5314 | D:7      | Found a sparkling altar of Nemelex Xobeh.
  5385 | D:7      | Found Yceomit's Magic Scroll Boutique.
  5390 | D:7      | Bought a scroll of enchant weapon for 105 gold pieces
  5390 | D:7      | Bought a scroll of identify for 28 gold pieces
  5390 | D:7      | Bought a scroll of enchant armour for 105 gold pieces
  5390 | D:7      | Bought a scroll of enchant weapon for 105 gold pieces
  5390 | D:7      | Bought a scroll of identify for 28 gold pieces
  5482 | D:7      | Found a hide-covered altar of Uskayaw.
  5634 | D:7      | Noticed Joseph
  5641 | D:7      | Killed Joseph
  5641 | D:7      | Reached **** piety under Okawaru
  5831 | D:8      | Found a sacrificial altar of Ru.
  5878 | D:8      | Noticed a manticore
  5887 | D:8      | Killed a manticore
  5888 | D:8      | Reached skill level 12 in Fighting
  5888 | D:8      | Reached skill level 5 in Maces & Flails
  5888 | D:8      | Reached XP level 10. HP: 69/71 MP: 13/13
  6029 | D:8      | Reached skill level 5 in Invocations
  6048 | D:8      | Reached ***** piety under Okawaru
  6094 | D:8      | Noticed Erica
  6104 | D:8      | Killed Erica
  6104 | D:8      | Received a gift from Okawaru
  6360 | D:8      | Got Zuvumy's Reference Book on Ashen Stolen Souls
  6614 | D:8      | Found a basalt altar of Yredelemnul.
  6831 | D:9      | Noticed a two-headed ogre
  6840 | D:9      | Killed a two-headed ogre
  6841 | D:9      | Reached XP level 11. HP: 64/76 MP: 12/15
  7021 | D:9      | Noticed Grum
  7039 | D:9      | Killed Grum
  7159 | D:9      | Found a broken altar of Ashenzari.
  7234 | D:9      | Received a gift from Okawaru
  7302 | D:9      | Found a staircase to the Lair.
  7568 | D:10     | Entered Level 10 of the Dungeon
  7568 | D:10     | Found a runed translucent gate.
  7568 | D:10     | Found a runed translucent gate.
  7568 | D:10     | Found a runed translucent gate.
  7574 | D:10     | Noticed a skeletal warrior
  7575 | D:10     | Noticed a skeletal warrior
  7583 | D:10     | Reached skill level 13 in Fighting
  7586 | D:10     | Noticed a skeletal warrior
  7587 | D:10     | Noticed a 12-headed hydra
  7587 | D:10     | Noticed a nine-headed hydra
  7587 | D:10     | Noticed kMk's ghost (journeyman DjFE)
  7589 | D:10     | Noticed a skeletal warrior
  7600 | D:9      | Killed a skeletal warrior
  7617 | D:9      | Killed a skeletal warrior
  7658 | D:9      | Killed a skeletal warrior
  7658 | D:9      | Received a gift from Okawaru
  7674 | D:9      | Killed a skeletal warrior
  7745 | D:10     | Found an ornate altar of the Wu Jian Council.
  7745 | D:10     | Noticed a skeletal warrior
  7769 | D:10     | Killed a skeletal warrior
  7826 | D:10     | Found Ytuuph's Jewellery Shoppe.
  8008 | D:10     | Reached XP level 12. HP: 84/84 MP: 17/17
  8652 | D:11     | Got Edyerarawa's Tome of Igneous Creation
  8751 | D:11     | Found a frozen archway.
  8781 | IceCv    | Entered an ice cave
  8924 | IceCv    | Got the Incunabulum of the Enthralling Snowflakes
  9717 | D:12     | Noticed a soul eater
  9730 | D:12     | Reached skill level 14 in Fighting
  9734 | D:12     | Noticed a death knight
  9762 | D:12     | Killed a death knight
  9842 | D:12     | Identified the +5 ring mail "Reddeew" {Dex+3}
  9897 | D:12     | Reached ****** piety under Okawaru
  9898 | D:12     | Reached skill level 10 in Armour
  9898 | D:12     | Reached skill level 10 in Shields
  9905 | D:12     | Found a staircase to the Orcish Mines.
  9974 | D:12     | Noticed a tengu warrior
  9986 | D:12     | Killed a tengu warrior
  9989 | D:12     | Received a gift from Okawaru
 10012 | D:12     | Reached XP level 13. HP: 78/90 MP: 20/20
 10539 | D:12     | Acquired a manual of Maces & Flails
 10582 | D:13     | Reached skill level 10 in Invocations
 11024 | D:13     | Found Toerph's Antique Weapon Shoppe.
 11067 | D:13     | Reached skill level 10 in Maces & Flails
 11164 | D:13     | Identified the +7 longbow "Beastslayer" {venom, rPois Str+4
                  | Int-5 Dex+5} (Okawaru gifted it to you on level 13 of the
                  | Dungeon)
 11164 | D:13     | Received a gift from Okawaru
 11165 | D:13     | Found a flagged portal.
 11198 | Bailey   | Entered a bailey
 11654 | D:14     | Reached skill level 15 in Fighting
 11891 | D:14     | Found a gate to the Vaults.
 11891 | D:14     | Noticed a vault guard
 11891 | D:14     | Noticed a vault guard
 11891 | D:14     | Noticed a vault guard
 11891 | D:14     | Noticed a vault guard
 11921 | D:14     | Gained mutation: Your large and strong wings let you fly.
                  | [Gargoyle growth]
 11921 | D:14     | Reached XP level 14. HP: 98/98 MP: 22/22
 11927 | D:14     | Received a gift from Okawaru
 12050 | D:14     | Found a hide-covered altar of Uskayaw.
 12057 | D:14     | Identified the ring of the Pharaoh's Fist {Drain Fly rElec
                  | rPois Str+3}
 12132 | D:14     | Noticed a frost giant
 12132 | D:14     | Noticed Pobemale's ghost (journeyman TrMo)
 12137 | D:14     | Found a transporter.
 12444 | D:14     | Found a transporter.
 12490 | D:15     | Entered Level 15 of the Dungeon
 12966 | Lair:1   | Entered Level 1 of the Lair of Beasts
 12975 | Lair:1   | Identified the +2 robe "Keogowoh" {rCorr Int+4} (Okawaru
                  | gifted it to you on level 1 of the Lair of Beasts)
 12975 | Lair:1   | Received a gift from Okawaru
 13641 | Lair:1   | Found a transporter.
 13712 | Lair:1   | Found a transporter.
 14101 | Lair:2   | Found a staircase to the Snake Pit.
 14108 | Lair:2   | Reached skill level 16 in Fighting
 14439 | Lair:2   | Found a staircase to the Shoals.
 14855 | Lair:3   | Identified the +4 great mace of Evil {vorpal, rF+ rC+}
                  | (Okawaru gifted it to you on level 3 of the Lair of Beasts)
 14855 | Lair:3   | Received a gift from Okawaru
 14862 | Lair:3   | Reached XP level 15. HP: 105/105 MP: 23/23
 15570 | Lair:4   | Reached skill level 17 in Fighting
 15570 | Lair:4   | Reached skill level 15 in Maces & Flails
 16505 | Lair:5   | Identified the +8 chain mail of Jesusoech {rC+ Will+ Dex+4
                  | Slay+2} (Okawaru gifted it to you on level 5 of the Lair of
                  | Beasts)
 16505 | Lair:5   | Received a gift from Okawaru
 16704 | Lair:5   | Identified the +6 morningstar of Koih {drain, Int+3}
 17088 | Lair:6   | Entered Level 6 of the Lair of Beasts
 17317 | Lair:6   | Reached skill level 18 in Fighting
 17345 | Lair:6   | Found a large runed translucent door.
 17345 | Lair:6   | Found a large runed translucent door.
 17996 | Orc:1    | Entered Level 1 of the Orcish Mines
 18295 | Orc:1    | Found a dark tunnel.
 18417 | Volcano  | Entered a volcano
 18530 | Volcano  | Reached XP level 16. HP: 116/116 MP: 24/24
 18653 | Orc:2    | Entered Level 2 of the Orcish Mines
 18700 | Orc:2    | Found Unipn's Magic Scroll Shoppe.
 18703 | Orc:2    | Found Bezxotay's Magic Scroll Emporium.
 18707 | Orc:2    | Identified the +0 ring mail "Forget-Me-Not" {rElec rF+}
                  | (Okawaru gifted it to you on level 2 of the Orcish Mines)
 18707 | Orc:2    | Received a gift from Okawaru
 18894 | Orc:2    | Reached skill level 19 in Fighting
 18903 | Orc:2    | Found Pabapp's Antique Armour Boutique.
 18903 | Orc:2    | Found a one-way gate leading to the halls of Pandemonium.
 18903 | Orc:2    | Found Xolist's Book Shop.
 18972 | Orc:2    | Bought a scroll of acquirement for 572 gold pieces
 18974 | Orc:2    | Bought a scroll of acquirement for 832 gold pieces
 18975 | Orc:2    | Acquired 893 gold pieces
 18976 | Orc:2    | Acquired 483 gold pieces
 19004 | Orc:2    | Noticed Nessos
 19023 | Orc:2    | Killed Nessos
 19034 | Orc:2    | Noticed Sonja
 19075 | Orc:2    | Killed Sonja
 19078 | Orc:2    | Found a flickering gateway to a bazaar.
 19093 | Orc:2    | Found a staircase to the Elven Halls.
 19347 | Orc:2    | Noticed Maurice
 19358 | Orc:2    | Killed Maurice
 19607 | Orc:2    | Bought the +0 pair of fencer's gloves {Riposte Dex+3} for
                  | 1240 gold pieces
 19607 | Orc:2    | Found the +0 pair of fencer's gloves {Riposte Dex+3}
 19857 | Shoals:1 | Entered Level 1 of the Shoals
 20055 | Shoals:1 | Noticed a kraken
 20096 | Shoals:1 | Noticed a kraken
 20097 | Shoals:1 | Killed a kraken
 20097 | Shoals:1 | Identified the +6 long sword "Deosezod" {freeze, rC+ rN+
                  | rCorr Int-3} (Okawaru gifted it to you on level 1 of the
                  | Shoals)
 20097 | Shoals:1 | Received a gift from Okawaru
 20112 | Shoals:1 | Killed a kraken
 20117 | Shoals:1 | Found a runed translucent door.
 20144 | Shoals:1 | Noticed a kraken
 20144 | Shoals:1 | Noticed a kraken
 20360 | Shoals:1 | HP: 1/117 [merfolk (9)]
 20366 | Shoals:1 | HP: 4/117 [merfolk javelineer/silver javelin (21)]
 20366 | Shoals:1 | HP: 1/117 [merfolk javelineer/silver javelin (3)]
 20400 | Shoals:1 | Noticed a kraken
 20806 | Shoals:1 | Killed a kraken
 20818 | Shoals:1 | Received a gift from Okawaru
 20818 | Shoals:1 | Found the +3 warlock's mirror {reflect}
 20844 | Shoals:1 | Reached skill level 20 in Fighting
 20896 | Shoals:1 | Noticed a kraken
 20914 | Shoals:1 | Killed a kraken
 21044 | Shoals:1 | Killed a kraken
 21052 | Shoals:1 | Reached XP level 17. HP: 106/124 MP: 25/25
 21064 | Shoals:1 | Got the Papyrus of Hexes and Transmigration
 21113 | Shoals:1 | Killed a kraken
 21251 | Shoals:2 | Reached skill level 1 in Dodging
 21261 | Shoals:2 | Found Asiqeon's Antique Armour Shop.
 21337 | Shoals:2 | Found Wyunwofi's Jewellery Emporium.
 21346 | Shoals:2 | Bought the ring of Betriac {Str+4 Dex+6} for 1034 gold
                  | pieces
 21383 | Shoals:2 | Found a transporter.
 21383 | Shoals:2 | Found a transporter.
 21436 | Shoals:2 | Noticed Wourromi's ghost (adept TeCj)
 21656 | Shoals:2 | Found a flickering gateway to a bazaar.
 21975 | Shoals:3 | Found Iniufepe's Weapon Shoppe.
 22117 | Shoals:3 | Found Voobe's Magic Scroll Shoppe.
 22129 | Shoals:3 | Found Pyfinol's Antique Armour Shop.
 22152 | Shoals:3 | Received a gift from Okawaru
 22230 | Shoals:3 | Found Syopaimm's Magic Scroll Boutique.
 22441 | Shoals:3 | Found Fadinok's Antique Armour Shop.
 22497 | Shoals:3 | Bought a glimmering kite shield for 342 gold pieces
 22497 | Shoals:3 | Identified the +1 kite shield of Zeunguss {Drain rElec rF++
                  | Slay+5} (You bought it in a shop on level 3 of the Shoals)
 22792 | Shoals:4 | Entered Level 4 of the Shoals
 22834 | Shoals:4 | Noticed Ilsuiw
 22994 | Shoals:4 | Found the +15 Maxwell's patent armour {-Cast -Tele rElec
                  | Will+ rCorr}
 23188 | Shoals:4 | Noticed Donald
 23202 | Shoals:4 | Killed Donald
 23402 | Shoals:4 | Hit by a silver javelin thrown by a merfolk javelineer

Illustrated notes

Levels and vault maps discovered:
D:1:      nicolae_arrival_washed_ashore, layout_rooms,
          shapermc_ecumenical_altar_venn
D:2:      layout_rooms, basic_altar, minmay_worlds_worst_comb
D:3:      layout_loops_ring, grunt_temple_overflow_gold_and_silver,
          serial_shops, shop_statue, grunt_decor_junction, uniq_terence
D:4:      layout_gridville
D:5:      layout_loops_corners, nicolae_overflow_crystal_walls,
          mainiacjoe_overflow_24_doors, minmay_temple_entry_trees,
          ebering_ghost_rock_garden, minmay_parallelograms
D:6:      layout_cave_pools, kennysheep_mini, makhleb_altar_promises_db,
          vehumet_statue, serial_rivers, chequers_serial_rivers_small_3,
          chequers_serial_rivers_marsh, chequers_serial_rivers_micro_b,
          chequers_serial_rivers_small_3, chequers_serial_rivers_room_b,
          chequers_serial_rivers_micro_b, nicolae_ossuary_entry_giza,
          uniq_menkaure
D:7:      layout_basic, nemelex_spade_bored_becter,
          mainiacjoe_overflow_brackets, serial_shops, shop_fountains,
          uniq_joseph
D:8:      layout_loops_ring, lemuel_mausoleum_altar_yredelemnul,
          nicolae_ru_great_annihilating_truth, hangedman_glass_teeth,
          hangedman_abyss_or_decor_lesser_grid, uniq_erica
D:9:      layout_roguey, nicolae_ashenzari_skybound, erik_lair_dragon,
          grunt_ministairs_10, hangedman_fish_farm, uniq_grum
D:10:     layout_cave_pools, nicolae_wu_jian_wuxing_cycle,
          gammafunk_ghost_hydra_chop, serial_shops, shop
D:11:     layout_loops_cross, portal_ice_cave_entry_ice_simulacra,
          mrwooster_statue_mirror
D:12:     layout_rooms, erik_orc_4, minmay_alternating_orb
D:13:     layout_rooms, serial_shops, nicolae_diamond_shop, enter_bailey_5
D:14:     layout_loops_ring, lightli_vaults_fourway_checkpoint,
          nicolae_uskayaw_en_pointe, gammafunk_ghost_arena,
          nicolae_concentric_dashed_squares_mild
D:15:     grunt_enter_depths_magical_seal, layout_rooms,
          grunt_gozag_breadcrumbs, st_stairs_2, nicolae_blasting_shop,
          uniq_louise
Temple:   compressed_dpeg_triangle_lava_temple
Lair:1:   gammafunk_cloud_chamber, layout_small_grid, st_stairs_8,
          serial_bayou_shore_a
Lair:2:   layout_regular_city, elwin_shoals_entry_stream,
          guppyfry_snake_entry_garden, lemuel_fruit_fields
Lair:3:   layout_concentric_octagons, st_stairs_13
Lair:4:   layout_cave_pods
Lair:5:   layout_regular_city
Lair:6:   cheibrodos_lair_end_hotspot, layout_gridlike, slime_altar_1,
          st_stairs_13, worms_lemuel, uniq_rupert
Shoals:1: nicolae_shoals_lighthouse, layout_shoals
Shoals:2: layout_shoals, ebering_ghost_davey_jones, serial_shops,
          bzr_entry_lakeside, nicolae_stop_n_shop_2,
          minmay_shop_enchanted_jewellery
Shoals:3: layout_shoals, serial_shops, shop, shop, shop_statue, shop, shop,
          nicolae_shoals_aquamancer_cove
Shoals:4: shoals_end_hangedman, layout_shoals, shoals_ilsuiw_alternative,
          kb_tengu_band, uniq_donald
Orc:1:    layout_caves, lightli_volcano_entry_magma_tube, mines2_david
Orc:2:    pf_orc_diabolical, layout_caves, serial_shops, bzr_entry_islet,
          uniq_nessos, uniq_maurice, uniq_sonja

Skill      XL: |  1  2  3  4  5  6  7  8  9 10 11 12 13 14 15 16 17 |
---------------+----------------------------------------------------+-----
Fighting       | 4 5 6 7 8 10 11 12 13 14 15 16 18 20 | 20.8
Invocations    | 2 4 6 7 9 10 11 | 11.3
Armour         | 4 6 7 8 10 11 13 | 13.0
Shields        | 4 6 7 8 10 11 13 | 13.0
Maces & Flails | 3 5 6 7 9 10 14 16 18 19 | 19.1
Dodging        | 3 |  3.9

Action                   |  1- 3 |  4- 6 |  7- 9 | 10-12 | 13-15 | 16-18 || total
-------------------------+-------+-------+-------+-------+-------+-------++-------
Melee: Flail             |    93 |    18 |       |       |       |       ||   111
       Demon whip        |       |    85 |   255 |   698 |  1206 |   978 ||  3222
       Kick              |       |    21 |     8 |       |       |       ||    29
       Bite              |       |     7 |    30 |   140 |   259 |   219 ||   655
Invok: Heroism           |       |       |     1 |     7 |    10 |     9 ||    27
       Finesse           |       |       |       |     1 |     1 |     5 ||     7
  Use: Scroll            |       |    10 |     9 |     2 |     5 |     9 ||    35
       Potion            |       |     1 |     1 |     1 |     2 |    12 ||    17
 Stab: Paralysed         |       |       |     1 |       |       |       ||     1
Armor: Scale mail        |    57 |    19 |       |       |       |       ||    76
       Chain mail        |       |    10 |   126 |   203 |    85 |   413 ||   837
       Crystal plate arm |       |       |       |   131 |   499 |       ||   630
Dodge: Dodged            |    57 |    41 |    80 |   143 |   172 |   239 ||   732
Block: Buckler           |    19 |    20 |    35 |   108 |       |   250 ||   432
       Kite shield       |       |       |       |   161 |   708 |   304 ||  1173
       Reflection        |       |       |       |       |       |    28 ||    28
       Rpst.: Demon whip |       |       |       |       |       |    40 ||    40

Table legend: (Time is in decaauts)
 A = Elapsed time spent in this place.
 B = Non-inter-level travel time spent in this place.
 C = Inter-level travel time spent in this place.
 D = Time resting spent in this place.
 E = Time spent auto-exploring this place.
 F = Levels seen in this place.
 G = Mean time per level.
                   A        B        C        D        E       F      G
               +--------+--------+--------+--------+--------+-----+--------+
         Total |  22220 |  20339 |   1881 |    943 |  14180 |  32 |  694.4 |
       Dungeon |  11601 |  10642 |    959 |    614 |   7730 |  15 |  773.4 |
        Temple |    148 |    115 |     33 |      0 |    108 |   1 |  148.0 |
          Lair |   4655 |   4333 |    322 |     44 |   3454 |   6 |  775.8 |
        Shoals |   3170 |   2913 |    257 |    262 |   1584 |   4 |  792.5 |
  Orcish Mines |   1329 |   1020 |    309 |      0 |    668 |   2 |  664.5 |
       Ossuary |    269 |    269 |      0 |      0 |    133 |   1 |  269.0 |
        Bailey |    243 |    243 |      0 |      0 |    126 |   1 |  243.0 |
      Ice Cave |    625 |    625 |      0 |     23 |    304 |   1 |  625.0 |
       Volcano |    177 |    177 |      0 |      0 |     73 |   1 |  177.0 |
               +--------+--------+--------+--------+--------+-----+--------+

Top non-repeatable levels by time:
     D:9: 1193 daAuts
Shoals:1: 1173 daAuts
    D:14: 1154 daAuts
    D:12: 1129 daAuts
     D:5: 1052 daAuts
  Lair:1: 1008 daAuts
   Orc:2: 887 daAuts
     D:8: 873 daAuts
  Lair:4: 863 daAuts
     D:4: 831 daAuts
     D:2: 809 daAuts
Shoals:3: 786 daAuts
  Lair:2: 785 daAuts
     D:3: 782 daAuts
  Lair:3: 742 daAuts
